[Event "December 12 Late 2023"]
[Site "https://www.chess.com"]
[Date "2023.12.12"]
[Round "7"]
[White "Petukhov, Dmitry"]
[Black "Piesik, Piotr"]
[Result "0-1"]
[Board "57"]
[TimeControl "180+1"]
[WhiteFideId "4142748"]
[BlackFideId "1136194"]
[WhiteElo "2513"]
[BlackElo "2652"]
[WhiteTeam "RUS"]
[BlackTeam "CZE"]
[WhiteClock "0:00:17"]
[BlackClock "0:00:40"]

1. e4 g6 2. d4 Bg7 3. Nc3 c6 4. f4 d5 5. e5 Nh6 6. Nce2 Nf5 7. Ng3 h5 8. Nf3 h4 9. Nxf5 Bxf5 10. Bd3 Bxd3 11. Qxd3 e6 12. b3 Bf8 13. O-O Qb6 14. a4 a5 15. Ba3 Bxa3 16. Rxa3 c5 17. c4 Nc6 18. cxd5 exd5 19. f5 Nb4 20. Qe2 cxd4 21. Kh1 d3 22. Qd2 gxf5 23. Ng5 h3 24. Nxh3 O-O-O 25. Nf4 Qd4 26. Raa1 Qxe5 27. h3 Qe4 28. Rae1 Qd4 29. Re7 Rhe8 30. Rxf7 Kb8 31. Rc1 Rc8 32. Rd1 Rc2 33. Qxc2 0-1

[Event "December 12 Late 2023"]
[Site "https://www.chess.com"]
[Date "2023.12.12"]
[Round "7"]
[White "Karttunen, Mika"]
[Black "Chylewski, Patryk"]
[Result "1/2-1/2"]
[Board "58"]
[TimeControl "180+1"]
[WhiteFideId "502081"]
[BlackFideId "1186191"]
[WhiteElo "2642"]
[BlackElo "2506"]
[WhiteTeam "FIN"]
[BlackTeam "POL"]
[WhiteClock "0:00:09"]
[BlackClock "0:00:08"]

1. e4 c5 2. Nf3 Nc6 3. Bb5 d6 4. Bxc6+ bxc6 5. h3 Nf6 6. e5 Nd5 7. d3 g6 8. Qe2 Bg7 9. Na3 O-O 10. O-O Rb8 11. Nc4 Nb6 12. exd6 exd6 13. Bg5 Bf6 14. Bxf6 Qxf6 15. b3 Nd5 16. Nfd2 Nf4 17. Qf3 d5 18. Ne3 Qg5 19. Kh2 Bd7 20. Qg3 Qf6 21. Nf3 h6 22. Ng4 Bxg4 23. Qxg4 Rfe8 24. Rfe1 Kg7 25. Qg3 a5 26. a4 Rbc8 27. Rad1 Rcd8 28. Re3 Nh5 29. Qh4 Qxh4 30. Nxh4 Rxe3 31. fxe3 Re8 32. Re1 f5 33. Nf3 Nf6 34. Kg3 Kf7 35. Kf2 Nd7 36. g4 fxg4 37. hxg4 Ne5 38. Nxe5+ Rxe5 39. Kf3 h5 40. gxh5 Rxh5 41. Rf1 Ke6 42. Kg3 Rg5+ 43. Kf3 Rf5+ 44. Ke2 Rh5 45. Rf2 Rh1 46. Rg2 Kf5 47. Rf2+ Ke6 48. Rg2 Kf6 49. Rf2+ Ke5 50. Rg2 Kf5 51. Rf2+ Ke5 52. Rg2 Kf5 1/2-1/2

[Event "December 12 Late 2023"]
[Site "https://www.chess.com"]
[Date "2023.12.12"]
[Round "7"]
[White "Lin, Bryan Enming"]
[Black "Mendes Aaron Reeve"]
[Result "1-0"]
[Board "59"]
[TimeControl "180+1"]
[WhiteFideId "30987121"]
[BlackFideId "25954938"]
[WhiteElo "2505"]
[BlackElo "2633"]
[WhiteTeam "USA"]
[BlackTeam "CAN"]
[WhiteClock "0:00:48"]
[BlackClock "0:00:11"]

1. e4 c5 2. Nf3 d6 3. d4 cxd4 4. Nxd4 Nf6 5. Nc3 a6 6. h3 e5 7. Nde2 Be6 8. Bg5 Be7 9. Ng3 Nbd7 10. Nf5 Bxf5 11. exf5 Qa5 12. Bc4 Rc8 13. Bb3 d5 14. O-O O-O 15. Bxf6 Nxf6 16. Nxd5 Nxd5 17. Qxd5 Qxd5 18. Bxd5 Rxc2 19. Bxb7 a5 20. b3 Bc5 21. Be4 Rb2 22. Rac1 Bd4 23. Rc2 Rxc2 24. Bxc2 Rc8 25. Be4 Kf8 26. Rb1 Ke7 27. Kf1 Kd6 28. Ke2 Rc3 29. f3 Kc5 30. a3 a4 31. bxa4 Rxa3 32. Rb5+ Kc4 33. Bd5+ Kc3 34. Bxf7 Rxa4 35. Rb7 Ra6 36. Rc7+ Kb2 37. Be6 g6 38. Rxh7 gxf5 39. Bxf5 Ra2 40. Be6 Ra1 41. Rb7+ Kc2 42. Rc7+ Kb2 43. h4 Rh1 44. Rh7 Rh2 45. Bh3 Rh1 46. h5 Rc1 47. Rb7+ Ka3 48. h6 Rc2+ 49. Kd3 Rc3+ 50. Ke4 Re3+ 51. Kd5 Bc3 52. Rc7 e4 53. Rxc3+ Rxc3 54. h7 exf3 55. h8=Q Kb3 56. gxf3 Rd3+ 57. Ke4 Kc2 58. Qc8+ Rc3 59. Qg4 Kd2 60. Qg2+ Kc1 61. f4 Rc2 62. Qxc2+ Kxc2 63. f5 Kb2 64. f6 Ka1 65. f7 Kb2 66. f8=Q Ka1 67. Qb4 Ka2 68. Kd3 Ka1 69. Kc2 Ka2 70. Qb2# 1-0

[Event "December 12 Late 2023"]
[Site "https://www.chess.com"]
[Date "2023.12.12"]
[Round "7"]
[White "Makaraci, Tunahan"]
[Black "Vlassov, Nikolai"]
[Result "1-0"]
[Board "60"]
[TimeControl "180+1"]
[WhiteFideId "6356559"]
[BlackFideId "4103360"]
[WhiteElo "2504"]
[BlackElo "2618"]
[WhiteTeam "TUR"]
[BlackTeam "FID"]
[WhiteClock "0:00:05"]
[BlackClock "0:00:00"]

1. e4 Nc6 2. Nc3 Nf6 3. f4 d5 4. e5 d4 5. exf6 dxc3 6. fxg7 cxd2+ 7. Qxd2 Bxg7 8. Qxd8+ Nxd8 9. Nf3 Bg4 10. Be2 Ne6 11. c3 O-O-O 12. Be3 h5 13. Kf2 h4 14. Rad1 Bxf3 15. Bxf3 Bh6 16. Bg4 Kb8 17. Bxe6 fxe6 18. Ke2 Kc8 19. Rxd8+ Kxd8 20. Rd1+ Ke8 21. Kf3 Rg8 22. g4 hxg3 23. hxg3 e5 24. Bxa7 exf4 25. gxf4 b6 26. a4 Rf8 27. Rd4 e5 28. Re4 Bxf4 29. Ke2 Kd7 30. a5 Kc6 31. axb6 Kb7 32. Rb4 c5 33. Re4 Rh8 34. Kd3 Kc6 35. b4 Rh3+ 36. Kc4 Bd2 37. b5+ Kb7 38. Kxc5 Bxc3 39. Rg4 Bd4+ 40. Kd5 Rh7 41. Rg8 Bxb6 42. Bb8 Bd4 43. Bd6 Rh5 44. Rb8+ Ka7 45. Kc6 Rh6 46. Rb7+ Ka8 47. Re7 Rh8 48. b6 Bxb6 49. Kxb6 1-0

[Event "December 12 Late 2023"]
[Site "https://www.chess.com"]
[Date "2023.12.12"]
[Round "7"]
[White "Mendez Fortes, Eduardo Jesus"]
[Black "Gasparyan, David"]
[Result "1-0"]
[Board "61"]
[TimeControl "180+1"]
[WhiteFideId "3502376"]
[BlackFideId "13311980"]
[WhiteElo "2607"]
[BlackElo "2498"]
[WhiteTeam "CUB"]
[BlackTeam "USA"]
[WhiteClock "0:00:26"]
[BlackClock "0:00:00"]

1. e4 c5 2. Nf3 Nf6 3. Nc3 Nc6 4. d4 cxd4 5. Nxd4 d6 6. Bg5 Bd7 7. Qd2 Nxd4 8. Qxd4 e5 9. Qd2 Be7 10. f3 O-O 11. O-O-O Rc8 12. h4 Re8 13. g4 Be6 14. Kb1 h6 15. Be3 Nd7 16. g5 h5 17. Nd5 Nf8 18. Rg1 Ng6 19. Qf2 b6 20. Bb5 Rf8 21. Ba4 Bd7 22. Bb3 Be6 23. Rd2 Qd7 24. Rgd1 Rfd8 25. Rd3 Bf8 26. Qe1 Qb5 27. Bf2 Re8 28. Qd2 Qd7 29. Qb4 Ne7 30. Ba4 Nc6 31. Qb5 Qb7 32. R3d2 Red8 33. Qf1 Rb8 34. Bb5 Na5 35. Nb4 Qa8 36. Ba6 Rd7 37. Be3 Rc7 38. f4 Nc4 39. Rd3 Nxe3 40. Rxe3 exf4 41. Qxf4 Bc4 42. Bxc4 Rxc4 43. Nd5 Re8 44. g6 fxg6 45. Qg5 Qb7 46. Qxg6 Qf7 47. Qg1 Rcxe4 48. Red3 Rg4 49. Qh1 Be7 50. Rf3 Qg6 51. Nf4 Qh7 52. Re1 Qf5 53. Nd5 1-0

[Event "December 12 Late 2023"]
[Site "https://www.chess.com"]
[Date "2023.12.12"]
[Round "7"]
[White "Mirzoev, Azer"]
[Black "Yandarbiev, Ruslan"]
[Result "1-0"]
[Board "62"]
[TimeControl "180+1"]
[WhiteFideId "13400304"]
[BlackFideId "4115023"]
[WhiteElo "2607"]
[BlackElo "2498"]
[WhiteTeam "AZE"]
[BlackTeam "RUS"]
[WhiteClock "0:00:36"]
[BlackClock "0:00:04"]

1. d4 Nf6 2. c4 e5 3. dxe5 Ng4 4. Bf4 Nc6 5. Nf3 Bb4+ 6. Nbd2 Qe7 7. e3 Ngxe5 8. Nxe5 Nxe5 9. Be2 O-O 10. O-O Bxd2 11. Qxd2 d6 12. Qc3 b6 13. Bg3 Bb7 14. f3 a5 15. Rfe1 Nd7 16. e4 Nc5 17. Bf1 Rfe8 18. b3 f6 19. h3 Qf7 20. Kh2 h5 21. a3 Ne6 22. b4 Qg6 23. Bf2 axb4 24. axb4 f5 25. Rxa8 Bxa8 26. exf5 Qxf5 27. Qd3 Qxd3 28. Bxd3 Kf7 29. h4 Nf4 30. Rxe8 Kxe8 31. Bf1 Ne6 32. Kg3 Kf7 33. Bd3 Kf6 34. Be1 Bc6 35. Bc3+ Kf7 36. Kf2 Nf4 37. Bf1 Ng6 38. g3 Ne5 39. Be2 Ke6 40. Ke3 Bb7 41. Kf4 Kf6 42. g4 hxg4 43. fxg4 Ke6 44. h5 Bc8 45. g5 Bd7 46. Bf1 Be8 47. h6 gxh6 48. gxh6 Bg6 49. Bxe5 dxe5+ 50. Kg5 Kf7 51. Bh3 e4 52. Be6+ Ke7 53. Kxg6 e3 54. Bg4 e2 55. Bxe2 1-0

[Event "December 12 Late 2023"]
[Site "https://www.chess.com"]
[Date "2023.12.12"]
[Round "7"]
[White "Wartiovaara, Oliver"]
[Black "Aghasiyev, Kamal"]
[Result "0-1"]
[Board "63"]
[TimeControl "180+1"]
[WhiteFideId "513024"]
[BlackFideId "13402854"]
[WhiteElo "2496"]
[BlackElo "2583"]
[WhiteTeam "FIN"]
[BlackTeam "AZE"]
[WhiteClock "0:01:44"]
[BlackClock "0:02:36"]

1. d4 d5 2. Nf3 Nf6 3. e3 e6 4. Bd3 c5 5. O-O Bd6 6. dxc5 Bxc5 7. a3 a5 8. c4 O-O 9. Nc3 Nc6 10. cxd5 exd5 11. h3 Ba7 12. Ne2 Be6 13. Ned4 Bb8 14. Nxe6 fxe6 15. Qe2 Qd6 16. e4 Nd4 0-1

[Event "December 12 Late 2023"]
[Site "https://www.chess.com"]
[Date "2023.12.12"]
[Round "7"]
[White "Shton, Roman"]
[Black "Sivakumar, Shaaketh"]
[Result "0-1"]
[Board "64"]
[TimeControl "180+1"]
[WhiteFideId "14137461"]
[BlackFideId "30940176"]
[WhiteElo "2494"]
[BlackElo "2581"]
[WhiteTeam "UKR"]
[BlackTeam "USA"]
[WhiteClock "0:00:03"]
[BlackClock "0:01:29"]

1. d4 e6 2. Nf3 b6 3. g3 Bb7 4. Bg2 f5 5. Nc3 Nf6 6. Bg5 d5 7. O-O Nbd7 8. Qd3 Bd6 9. Nb5 Be7 10. Bf4 Rc8 11. Nxa7 Ra8 12. Nb5 Rc8 13. Ng5 Nf8 14. c4 h6 15. Nxe6 Nxe6 16. Qxf5 Nxf4 17. Qxf4 O-O 18. Nc3 Bd6 19. Qh4 Be7 20. Qf4 Bb4 21. cxd5 Bxc3 22. bxc3 Bxd5 23. Bxd5+ Qxd5 24. Qd2 c5 25. e3 b5 26. Rab1 b4 27. cxb4 c4 28. b5 Ne4 29. Qc2 c3 30. b6 Nd2 31. b7 Rb8 32. Qxc3 Nxf1 33. Qc7 Nd2 34. Rb6 Nf3+ 35. Kf1 Nxh2+ 36. Ke2 Qxa2+ 37. Kd3 Qa3+ 38. Ke2 Ng4 39. Ke1 Qa1+ 40. Ke2 Rxf2+ 41. Kd3 Qa3+ 42. Ke4 Nf6+ 43. Ke5 Re8+ 44. Re6 Qxe3+ 45. Kd6 Qxe6+ 46. Kc5 Rc2+ 47. Kb4 Nd5+ 48. Kb3 Ne3+ 49. Ka3 Qa6+ 50. Qa5 Qd3+ 0-1

[Event "December 12 Late 2023"]
[Site "https://www.chess.com"]
[Date "2023.12.12"]
[Round "7"]
[White "Novikova, Galina"]
[Black "Perea Fruet, Lorenzo"]
[Result "0-1"]
[Board "65"]
[TimeControl "180+1"]
[WhiteFideId "4157095"]
[BlackFideId "24595870"]
[WhiteElo "2493"]
[BlackElo "2573"]
[WhiteTeam "RUS"]
[BlackTeam "ESP"]
[WhiteClock "0:00:15"]
[BlackClock "0:00:09"]

1. e4 b6 2. d4 Bb7 3. Bg5 Bxe4 4. d5 h6 5. Bh4 g5 6. Bg3 Bg7 7. Nc3 Bg6 8. Qd2 Nf6 9. O-O-O O-O 10. h4 g4 11. Bf4 h5 12. Bh6 e6 13. Bxg7 Kxg7 14. f3 d6 15. fxg4 Nxg4 16. Nf3 Nd7 17. Bd3 e5 18. Bxg6 Kxg6 19. Ne4 Nc5 20. Neg5 Qe7 21. b4 Na4 22. Qd3+ f5 23. Ne6 Rf6 24. Qd2 Rxe6 25. dxe6 Qxe6 26. Qg5+ Kh7 27. Qxh5+ Qh6+ 28. Qxh6+ Kxh6 29. Rd2 Nc3 30. Kb2 Ne4 31. Rd5 c6 32. Rd3 Ngf2 33. Rhd1 Nxd1+ 34. Rxd1 Rg8 35. Nd2 Nf2 36. Rg1 Rg4 37. Nf3 Rxb4+ 38. Kc3 Rg4 39. Ng5 Rxh4 40. Nf7+ Kg6 41. Nxd6 Ne4+ 42. Nxe4 Rxe4 43. Kd3 Rd4+ 44. Ke3 f4+ 45. Ke2 e4 46. Rf1 Kg5 47. Rh1 Rc4 48. Kd2 Kg4 49. Rh8 Kg3 50. Rg8+ Kf2 51. Rf8 e3+ 52. Kd3 b5 53. g4 e2 54. Re8 e1=Q 55. Rxe1 Kxe1 56. g5 f3 57. g6 Rg4 58. Ke3 f2 59. Kf3 Rxg6 0-1

[Event "December 12 Late 2023"]
[Site "https://www.chess.com"]
[Date "2023.12.12"]
[Round "7"]
[White "Cervantes Landeiro, Thalia"]
[Black "Grinev, Valeriy"]
[Result "1-0"]
[Board "66"]
[TimeControl "180+1"]
[WhiteFideId "3520498"]
[BlackFideId "14117517"]
[WhiteElo "2487"]
[BlackElo "2571"]
[WhiteTeam "USA"]
[BlackTeam "UKR"]
[WhiteClock "0:01:18"]
[BlackClock "0:02:03"]

1. d4 c5 2. d5 d6 3. c4 a6 4. Nc3 g6 5. e4 Bg7 6. f4 e6 7. dxe6 Bxe6 8. Nf3 Nc6 9. Bd3 Nge7 10. O-O O-O 11. a4 f5 12. Qe2 h6 13. exf5 Bxf5 14. Bxf5 Nxf5 15. Nd5 Kh7 16. Qd3 Nb4 17. Nxb4 cxb4 18. Bd2 Bxb2 19. Rab1 Ba3 20. Bxb4 Qb6+ 21. c5 dxc5 22. Qd7+ Kg8 23. Bxa3 Qf6 24. Rxb7 Rad8 25. Qh7# 1-0

[Event "December 12 Late 2023"]
[Site "https://www.chess.com"]
[Date "2023.12.12"]
[Round "7"]
[White "ChessSG1"]
[Black "Assylov, Miras"]
[Result "0-1"]
[Board "67"]
[TimeControl "180+1"]
[BlackFideId "13728873"]
[WhiteElo "2486"]
[BlackElo "2570"]
[BlackTeam "KAZ"]
[WhiteClock "0:00:00"]
[BlackClock "0:00:02"]

1. Nf3 Nf6 2. c4 g6 3. g3 Bg7 4. Bg2 O-O 5. O-O d6 6. Nc3 e5 7. Nb1 Re8 8. Nc3 Nc6 9. Rb1 a5 10. a3 e4 11. Ne1 Bf5 12. Nc2 Qd7 13. Ne3 Bh3 14. b4 axb4 15. axb4 h5 16. Bb2 Nh7 17. Bxh3 Qxh3 18. Ncd5 Ne5 19. Nxc7 Ng4 20. Nxg4 hxg4 21. Nd5 Ng5 22. Nf4 Qh6 23. Bxg7 Kxg7 24. h4 gxh3 25. Qc2 h2+ 26. Kh1 Rad8 27. Qc3+ Kg8 28. Nd5 Re5 29. Nf6+ Kg7 30. Ng4 Qh3 31. Nxe5 dxe5 32. Qxe5+ f6 33. Qe7+ Nf7 34. d4 exd3 35. exd3 Rxd3 36. Qe4 Rd2 37. Qg2 Qe6 38. Kxh2 Qxc4 0-1

[Event "December 12 Late 2023"]
[Site "https://www.chess.com"]
[Date "2023.12.12"]
[Round "7"]
[White "Espinoza Villanueva, Rodrigo"]
[Black "Rangel, Daniel"]
[Result "1-0"]
[Board "68"]
[TimeControl "180+1"]
[WhiteFideId "5140188"]
[BlackFideId "2124475"]
[WhiteElo "2568"]
[BlackElo "2486"]
[WhiteTeam "MEX"]
[BlackTeam "BRA"]
[WhiteClock "0:01:44"]
[BlackClock "0:00:00"]

1. Nf3 Nf6 2. g3 e6 3. Bg2 d5 4. O-O Be7 5. d3 O-O 6. Nbd2 b6 7. e4 Bb7 8. Re1 c5 9. e5 Nfd7 10. Nf1 Nc6 11. h4 Re8 12. Bf4 f6 13. exf6 Bxf6 14. N1h2 e5 15. Bc1 Nd4 16. Ng4 Qc7 17. h5 Nxf3+ 18. Qxf3 e4 19. Qf5 exd3 20. Bxd5+ Kh8 21. Bf4 Bxd5 22. Rxe8+ Rxe8 23. Bxc7 d2 24. Qxd7 Re1+ 25. Kh2 Rxa1 26. Qe8+ Bg8 27. Nxf6 1-0

[Event "December 12 Late 2023"]
[Site "https://www.chess.com"]
[Date "2023.12.12"]
[Round "7"]
[White "Filgueira, Hernan"]
[Black "Yashmetov, Mikhail"]
[Result "1-0"]
[Board "69"]
[TimeControl "180+1"]
[WhiteFideId "101770"]
[BlackFideId "24198900"]
[WhiteElo "2564"]
[BlackElo "2482"]
[WhiteTeam "ARG"]
[BlackTeam "RUS"]
[WhiteClock "0:00:13"]
[BlackClock "0:00:00"]

1. d4 d5 2. c4 dxc4 3. e3 Nf6 4. Bxc4 e6 5. Nf3 a6 6. Qe2 b5 7. Bd3 c5 8. dxc5 Nbd7 9. b4 Nd5 10. a3 a5 11. Bxb5 axb4 12. c6 bxa3 13. cxd7+ Bxd7 14. Ne5 Qa5+ 15. Bd2 Qxb5 16. Nxd7 Qxe2+ 17. Kxe2 Kxd7 18. e4 Nb6 19. Rd1 Kc6 20. Be3 Nc4 21. Rc1 Kb5 22. Nc3+ Kb4 23. Na2+ Kb3 24. Bd4 Rc8 25. Rc3+ Ka4 26. Rac1 Kb5 27. Rb3+ Ka4 28. Rb7 Bd6 29. Nc3+ Ka5 30. Ra7+ Kb4 31. Rb7+ Ka5 32. Nb5 Bf4 33. Rc3 Rb8 34. Rxb8 Rxb8 35. Nxa3 Rb2+ 36. Kf3 1-0

[Event "December 12 Late 2023"]
[Site "https://www.chess.com"]
[Date "2023.12.12"]
[Round "7"]
[White "Bogaudinov, Rushan"]
[Black "Play, Gilles"]
[Result "1-0"]
[Board "70"]
[TimeControl "180+1"]
[WhiteFideId "4129288"]
[BlackFideId "45130892"]
[WhiteElo "2467"]
[BlackElo "2561"]
[WhiteTeam "RUS"]
[BlackTeam "FRA"]
[WhiteClock "0:00:08"]
[BlackClock "0:00:11"]

1. d4 Nf6 2. Nf3 b5 3. e3 a6 4. a4 b4 5. c4 bxc3 6. bxc3 e6 7. Ba3 Bxa3 8. Nxa3 d6 9. Be2 O-O 10. O-O Ne4 11. Qc2 f5 12. Nd2 Bb7 13. Rab1 Bc6 14. a5 Qg5 15. f4 Qg6 16. Bf3 Nd7 17. Nxe4 fxe4 18. Be2 Nf6 19. c4 Ng4 20. Bxg4 Qxg4 21. Qd2 Rab8 22. Nc2 g5 23. Rxb8 Rxb8 24. Nb4 Bb7 25. h3 Qg3 26. fxg5 Qxg5 27. Rf4 Kh8 28. Qf2 Rg8 29. Rg4 Qe7 30. Rxg8+ Kxg8 31. Qf4 d5 32. c5 Bc8 33. g4 Qg7 34. Kg2 h5 35. g5 Qf7 36. Kg3 Kg7 37. h4 Kg8 38. Qxf7+ Kxf7 39. Kf4 Ke7 40. Ke5 Kf7 41. c6 Kg7 42. Nc2 Kf7 43. Ne1 Kg7 44. Ng2 Kg6 45. Nf4+ Kf7 46. Nxh5 Kg6 47. Nf4+ Kf7 48. h5 Kg7 49. h6+ Kf7 50. g6+ Ke7 51. Nh5 Kf8 52. Ng7 Kg8 53. Nxe6 Bxe6 54. Kxe6 Kf8 55. Kxd5 Kg8 56. Ke6 Kf8 57. d5 Kg8 58. Kf5 Kf8 59. Kxe4 Ke7 60. Ke5 Kf8 61. Kf6 Kg8 62. e4 Kh8 63. e5 Kg8 64. Ke7 Kh8 65. Kd7 Kg8 66. Kxc7 Kh8 67. d6 Kg8 68. e6 Kf8 69. Kb7 Ke8 70. Kxa6 Kd8 71. Kb6 Kc8 72. a6 Kb8 73. g7 Ka8 74. e7 Kb8 75. d7 Ka8 76. h7 Kb8 77. c7+ Ka8 78. h8=Q# 1-0

[Event "December 12 Late 2023"]
[Site "https://www.chess.com"]
[Date "2023.12.12"]
[Round "7"]
[White "Kashefi, Amir Hosein"]
[Black "Gutierrez Olivares, Daniel"]
[Result "0-1"]
[Board "71"]
[TimeControl "180+1"]
[WhiteFideId "12557935"]
[BlackFideId "2264005"]
[WhiteElo "2561"]
[BlackElo "2466"]
[WhiteTeam "IRI"]
[BlackTeam "ESP"]
[WhiteClock "0:00:00"]
[BlackClock "0:00:07"]

1. d4 e6 2. Nf3 Nf6 3. Bf4 Bd6 4. e3 Bxf4 5. exf4 c5 6. dxc5 Qa5+ 7. Nc3 Qxc5 8. Qd4 Qa5 9. O-O-O O-O 10. g4 Nc6 11. Qd6 Nxg4 12. Rg1 Nh6 13. Ne4 Qb4 14. Ne5 Qxe4 15. Nxc6 Qxc6 16. Qe7 Nf5 17. Qf6 Kh8 18. Qg5 f6 19. Qg4 d5 20. Bd3 Qc7 21. Qh3 Qxf4+ 22. Kb1 Rf7 23. Rg4 Qc7 24. Rdg1 e5 25. Qh5 e4 26. Bb5 Be6 27. Ba4 Rc8 28. Bb3 d4 29. Rxe4 Bxb3 30. Ka1 Bd5 31. Rf4 Qxc2 32. Qxf5 Qxf5 33. Rxf5 Be4 34. Rf4 f5 35. f3 Rfc7 36. a4 Rc1+ 0-1

[Event "December 12 Late 2023"]
[Site "https://www.chess.com"]
[Date "2023.12.12"]
[Round "7"]
[White "Mazurkiewicz, Michal"]
[Black "Khater, Sherif"]
[Result "0-1"]
[Board "72"]
[TimeControl "180+1"]
[WhiteFideId "1124943"]
[BlackFideId "2034280"]
[WhiteElo "2466"]
[BlackElo "2557"]
[WhiteTeam "POL"]
[BlackTeam "USA"]
[WhiteClock "0:00:00"]
[BlackClock "0:01:09"]

1. e4 a6 2. a4 c6 3. d3 d5 4. Nd2 g6 5. Ngf3 Bg7 6. g3 Nf6 7. Bg2 O-O 8. O-O Nbd7 9. e5 Ng4 10. e6 fxe6 11. Ng5 Ndf6 12. h3 Ne5 13. Re1 Nf7 14. Nxe6 Bxe6 15. Rxe6 Qd7 16. Qe1 Rae8 17. Nf3 Ne4 18. dxe4 Qxe6 19. exd5 Qxd5 20. Ng5 Qd7 21. Ne6 Rd8 22. c3 Qd1 23. Bf4 Qxe1+ 24. Rxe1 Bf6 25. Nxf8 Kxf8 26. g4 g5 27. Bg3 Rd2 28. Rb1 Nd6 29. Bf1 Ne4 30. b4 Nxc3 31. Rb3 Ne2+ 32. Bxe2 Rxe2 33. b5 cxb5 34. axb5 a5 35. Rd3 a4 36. Rd7 a3 37. Rxb7 a2 38. Ra7 a1=Q+ 39. Rxa1 Bxa1 40. b6 Be5 41. b7 Bxg3 42. fxg3 Rb2 0-1

[Event "December 12 Late 2023"]
[Site "https://www.chess.com"]
[Date "2023.12.12"]
[Round "7"]
[White "Keleberda, Tymur"]
[Black "Serra Canals, Oriol"]
[Result "1-0"]
[Board "73"]
[TimeControl "180+1"]
[WhiteFideId "14174294"]
[BlackFideId "22276084"]
[WhiteElo "2549"]
[BlackElo "2459"]
[WhiteTeam "CAN"]
[BlackTeam "ESP"]
[WhiteClock "0:01:24"]
[BlackClock "0:00:14"]

1. e4 e6 2. d4 d5 3. Nc3 Bb4 4. e5 c5 5. a3 Bxc3+ 6. bxc3 cxd4 7. cxd4 Ne7 8. Bd3 Qc7 9. Ne2 Nbc6 10. O-O Bd7 11. a4 Na5 12. Ba3 Nc4 13. Bxc4 Qxc4 14. Bxe7 Kxe7 15. Qd2 Rhc8 16. c3 Bxa4 17. Rfb1 Bb5 18. Ng3 a6 19. Qg5+ Kf8 20. Nh5 g6 21. Nf6 Qxc3 22. Qh6+ Ke7 23. Qh4 Kf8 24. Nxh7+ Kg7 25. Ng5 Rh8 26. Qf4 Raf8 27. Qf6+ Kg8 28. Nxe6 Rh7 29. Nxf8 Rh5 30. Ne6 Rh7 31. Qd8+ 1-0

[Event "December 12 Late 2023"]
[Site "https://www.chess.com"]
[Date "2023.12.12"]
[Round "7"]
[White "Liu, Casper"]
[Black "Silva, Kaua Marques"]
[Result "0-1"]
[Board "74"]
[TimeControl "180+1"]
[WhiteFideId "1454153"]
[BlackFideId "22701168"]
[WhiteElo "2450"]
[BlackElo "2544"]
[WhiteTeam "DEN"]
[BlackTeam "BRA"]
[WhiteClock "0:00:36"]
[BlackClock "0:01:04"]

1. f4 e5 2. fxe5 d6 3. exd6 Bxd6 4. Nf3 Nc6 5. d4 Bg4 6. Nc3 Nf6 7. Bg5 O-O 8. e4 Re8 9. e5 Nxe5 10. dxe5 Rxe5+ 11. Be2 Bxf3 12. Bxf6 Qxf6 13. gxf3 Qh4+ 14. Kd2 Qf4+ 15. Ke1 Be7 16. Nd5 Qh4+ 17. Kf1 Qh3+ 18. Ke1 Bh4+ 0-1

[Event "December 12 Late 2023"]
[Site "https://www.chess.com"]
[Date "2023.12.12"]
[Round "7"]
[White "Asish Panda"]
[Black "Bold, Andre"]
[Result "1/2-1/2"]
[Board "75"]
[TimeControl "180+1"]
[WhiteFideId "45012458"]
[BlackFideId "16208471"]
[WhiteElo "2538"]
[BlackElo "2446"]
[WhiteTeam "IND"]
[BlackTeam "GER"]
[WhiteClock "0:00:03"]
[BlackClock "0:00:54"]

1. e4 c6 2. c4 d5 3. cxd5 cxd5 4. exd5 Nf6 5. Nc3 g6 6. Nf3 Nxd5 7. d4 Bg7 8. Bc4 Nxc3 9. bxc3 O-O 10. O-O Nc6 11. Re1 e5 12. Be3 Bg4 13. h3 exd4 14. cxd4 Bxf3 15. Qxf3 Nxd4 16. Bxd4 Qxd4 17. Bb3 Qxa1 18. Rxa1 Bxa1 19. Qxb7 Kg7 20. g3 Bd4 21. Kg2 Rab8 22. Qd7 Rbd8 23. Qb7 Bb6 24. Qc6 Kg8 25. f4 Rd2+ 26. Kf3 Rf2+ 27. Kg4 h5+ 28. Kg5 Kg7 29. Qf6+ Kh7 30. Bxf7 Bd8 31. Bxg6+ Kg8 32. Bf7+ Kh7 33. Bg6+ Kg8 34. Bf7+ Kh7 35. Bg6+ 1/2-1/2

[Event "December 12 Late 2023"]
[Site "https://www.chess.com"]
[Date "2023.12.12"]
[Round "7"]
[White "Avila Rodriguez, Joshua Ad"]
[Black "Estrada Nieto, Julian"]
[Result "1-0"]
[Board "76"]
[TimeControl "180+1"]
[WhiteFideId "5126444"]
[BlackFideId "5101018"]
[WhiteElo "2426"]
[BlackElo "2536"]
[WhiteTeam "MEX"]
[BlackTeam "ESP"]
[WhiteClock "0:01:48"]
[BlackClock "0:01:44"]

1. Nf3 d5 2. g3 Nf6 3. Bg2 Bf5 4. O-O e6 5. d3 h6 6. Nbd2 Nbd7 7. b3 Bd6 8. Bb2 O-O 9. c4 c6 10. Rc1 Qe7 11. Rc2 Rfe8 12. Re1 Bb4 13. Ne5 Nxe5 14. Bxe5 Rad8 15. Qa1 Rf8 16. Rec1 Ba3 17. Rd1 Ne8 18. Nf3 f6 19. Bb2 Nd6 20. Bxa3 1-0

[Event "December 12 Late 2023"]
[Site "https://www.chess.com"]
[Date "2023.12.12"]
[Round "7"]
[White "Zakarian, David"]
[Black "Ferreira, Vitor Hugo Vieira"]
[Result "0-1"]
[Board "77"]
[TimeControl "180+1"]
[WhiteFideId "13301276"]
[BlackFideId "2119765"]
[WhiteElo "2413"]
[BlackElo "2535"]
[WhiteTeam "ARM"]
[BlackTeam "BRA"]
[WhiteClock "0:00:10"]
[BlackClock "0:00:27"]

1. f4 g6 2. Nf3 Bg7 3. e4 c5 4. Nc3 Nc6 5. Bb5 Nd4 6. Bc4 e6 7. d3 Ne7 8. O-O O-O 9. Ne2 d5 10. exd5 exd5 11. Bb3 Nxb3 12. axb3 Nc6 13. h3 b6 14. Nc3 Bb7 15. f5 Qd7 16. Nh2 gxf5 17. Bg5 Nd4 18. Rc1 h6 19. Bf4 Kh7 20. Qh5 Qe6 21. Nf3 Qg6 22. Qh4 Nxf3+ 23. Rxf3 d4 24. Rg3 Qf6 25. Qxf6 Bxf6 26. Nb5 Rg8 27. Nd6 Bd5 28. Nxf5 Rxg3 29. Nxg3 Rg8 30. Re1 h5 31. Ne4 Bh4 32. Re2 Bd8 33. Kf2 f5 34. Ng3 h4 35. Nxf5 Rxg2+ 36. Kf1 Rxe2 37. Kxe2 Bg2 38. Kf2 Bxh3 39. Nd6 Bg4 40. Kg2 Bd1 41. c3 dxc3 42. bxc3 Bxb3 43. Nf7 Bxf7 0-1

[Event "December 12 Late 2023"]
[Site "https://www.chess.com"]
[Date "2023.12.12"]
[Round "7"]
[White "Esmeraldas Huachi, Anderson"]
[Black "Rama, Tejas"]
[Result "0-1"]
[Board "78"]
[TimeControl "180+1"]
[WhiteFideId "3616363"]
[BlackFideId "30907381"]
[WhiteElo "2411"]
[BlackElo "2529"]
[WhiteTeam "ECU"]
[BlackTeam "USA"]
[WhiteClock "0:00:22"]
[BlackClock "0:00:08"]

1. d4 Nf6 2. c4 e6 3. Nc3 Bb4 4. f3 c5 5. d5 b5 6. e4 d6 7. a3 Ba5 8. Bd3 bxc4 9. Bxc4 O-O 10. Ne2 Ba6 11. Bxa6 Nxa6 12. O-O exd5 13. Nxd5 Nxd5 14. Qxd5 Nc7 15. Qh5 Rb8 16. Rd1 Qf6 17. Rb1 g6 18. Qg4 h5 19. Qg3 Nb5 20. Bg5 Qe6 21. Nf4 Qe5 22. Bf6 Qxf6 23. Nxh5 Qe5 24. f4 Qxh5 25. Rd5 Nd4 26. Kh1 Qh7 27. b4 Bb6 28. Rxd6 cxb4 29. Rxb4 Bc5 30. Rdxd4 Bxd4 31. f5 Rxb4 32. axb4 Qg7 33. h4 Be5 34. Qf3 gxf5 35. Qxf5 Qg3 0-1

[Event "December 12 Late 2023"]
[Site "https://www.chess.com"]
[Date "2023.12.12"]
[Round "7"]
[White "Morris-Suzuki, Alan H"]
[Black "Akhayan, Ruben"]
[Result "1-0"]
[Board "79"]
[TimeControl "180+1"]
[WhiteFideId "30933218"]
[BlackFideId "204439"]
[WhiteElo "2526"]
[BlackElo "2394"]
[WhiteTeam "USA"]
[BlackTeam "BEL"]
[WhiteClock "0:00:22"]
[BlackClock "0:00:18"]

1. f4 e5 2. fxe5 d6 3. Nf3 dxe5 4. e4 Nf6 5. Bc4 Bc5 6. Qe2 Nc6 7. Bxf7+ Kxf7 8. Qc4+ Ke7 9. Qxc5+ Qd6 10. Qxd6+ cxd6 11. d3 Nb4 12. Kd2 Be6 13. c3 Nxa2 14. Na3 Nxc1 15. Rhxc1 a6 16. Nc2 Nh5 17. Ne3 Rhf8 18. d4 exd4 19. cxd4 Rac8 20. d5 Bd7 21. Nd4 g6 22. Nc4 Rf2+ 23. Ke3 Rxg2 24. e5 dxe5 25. d6+ Kd8 26. Nxe5 Rxh2 27. Rf1 Rh3+ 28. Kd2 Rh2+ 29. Ke1 Rc5 30. Rf8+ Be8 31. Ne6+ Kc8 32. Rxe8# 1-0